 Dungeon Crawl Stone Soup version 0.32-a0-163-g159c032296 (webtiles) character file.

Game seed: 7777530901038840804

95 Ceno the Sneak (level 4, -6/24 HPs)
             Began as a Vampire Enchanter on Feb 11, 2024.
             Mangled by a water moccasin (7 damage)
             ... on level 3 of the Dungeon.
             The game lasted 00:05:42 (2280 turns).

Ceno the Sneak (Vampire Enchanter)                  Turns: 2280, Time: 00:05:43

Health: -6/24      AC:  2    Str:  7    XL:     4   Next: 39%
Magic:  1/9        EV:  9    Int: 19    God:
Gold:   101        SH:  0    Dex: 14    Spells: 1/9 levels left

rFire   . . .        a - +1 dagger
rCold   + + .        (no shield)
rNeg    + + +        b - +0 robe
rPois   ∞            (no helmet)
rElec   .            (no cloak)
rCorr   .            (no gloves)
SInv    +            (no boots)
Will    .....        (no amulet)
Stlth   +++++        (no ring)
HPRegen 0.00/turn    (no ring)
MPRegen 0.11/turn

%: no passive effects
@: very slightly contaminated, bloodless, inhibited regen, constricted,
invisible
A: bloodless, fangs 3, see invisible, vampiric 2
a: Bat Form, Revivify


You were on level 3 of the Dungeon.
You visited 1 branch of the dungeon, and saw 3 of its levels.

You collected 101 gold pieces.

Inventory:

Hand Weapons
 a - a +1 dagger (weapon)
 j - a +0 falchion
Missiles
 d - 20 stones (quivered)
 f - 7 poisoned darts
Armour
 b - a +0 robe (worn)
Jewellery
 m - a ring of protection from fire
Scrolls
 e - a scroll of identify
 g - a scroll of fog {unknown}
 i - a scroll of teleportation {unknown}
 k - a scroll of enchant weapon {unknown}
 l - a scroll of noise {unknown}
Potions
 c - 2 potions of invisibility
 h - a potion of enlightenment


   Skills:
 - Level 1.1 Short Blades
 - Level 2.1 Dodging
 + Level 5.5 Stealth
 * Level 3.3 Spellcasting
 + Level 5.3 Hexes


You had one spell level left.
You knew the following spells:

 Your Spells              Type           Power      Damage    Failure   Level
a - Ensorcelled Hibernat  Hex/Ice        26%        N/A       8%          2
b - Confusing Touch       Hex            23%        N/A       4%          3
c - Tukima's Dance        Hex            23%        N/A       4%          3

Your spell library contained the following spells:

 Spells                   Type           Power      Damage    Failure   Level
 Dazzling Flash           Conj/Hex       26%        N/A       14%         3
 Fugue of the Fallen      Necr           3%         N/A       41%         3
 Anguish                  Hex/Necr       6%         N/A       43%         4


Dungeon Overview and Level Annotations

Branches:
Dungeon (3/15)

Altars:


Innate Abilities, Weirdness & Mutations

You do not regenerate when monsters are visible.
You are frail without blood (-20% HP).
You can heal yourself when you bite living creatures.
You are immune to poison.
You have razor-sharp teeth.
You have supernaturally acute eyesight. (SInv)
You are afflicted with vampirism and can become a bat while bloodless.


Message History

You miscast Ensorcelled Hibernation.
You are very lightly contaminated with residual magic.
Nothing appears to happen.
The water moccasin bites you!
Casting: Ensorcelled Hibernation (safe; 8% risk of failure)
Confirm with . or Enter, or press ? or * to list all spells.
Aiming: Ensorcelled Hibernation (safe; 8% risk of failure)
Press: ? - help, Shift-Dir - straight line, f/p - water moccasin
Aim: a water moccasin (chance to affect: 47%)
The water moccasin resists with some effort.
The water moccasin completely misses you.
The ball python misses you. The ball python barely misses you.
The water moccasin bites you.
Casting: Ensorcelled Hibernation (safe; 8% risk of failure)
Confirm with . or Enter, or press ? or * to list all spells.
Aiming: Ensorcelled Hibernation (safe; 8% risk of failure)
Press: ? - help, Shift-Dir - straight line, f/p - water moccasin
Aim: a water moccasin (chance to affect: 47%)
The water moccasin resists with some effort.
The ball python barely misses you. The ball python grabs you.
The ball python constricts you. The water moccasin bites you.
Casting: Ensorcelled Hibernation (safe; 8% risk of failure)
Confirm with . or Enter, or press ? or * to list all spells.
Aiming: Ensorcelled Hibernation (safe; 8% risk of failure)
Press: ? - help, Shift-Dir - straight line, f/p - water moccasin
Aim: a water moccasin (chance to affect: 47%)
The water moccasin resists with some effort.
The ball python bites you. The ball python constricts you.
The water moccasin closely misses you.
Casting: Ensorcelled Hibernation (safe; 8% risk of failure)
Confirm with . or Enter, or press ? or * to list all spells.
You don't have enough magic to cast this spell.
Unknown command.
You fade into invisibility!
The water moccasin bites you. The ball python barely misses you.
The ball python constricts you. The water moccasin bites you!
* * * LOW HITPOINT WARNING * * *
The ball python closely misses you. The ball python constricts you.
You closely miss the water moccasin. Your bite misses the water moccasin.
The water moccasin bites you!
You die...

. ##### .. # #. #...# #.. ...
..##### #.##...# #.# #.#
..#...## ......###.# #.#
.......####...##...###.########
.............###.#.....#......#
.<.....................#......#
.........###.##.#S........>...#
.......#...#....@S............#
.##.............##.....#......#
........###...#######.##......#
##.###...###...# #.# .....S. #.
##..##.....####... ....... #
####.##...#.......##......#
#.....#........##.# ##.#...
#...†.#..##.#..##.. .#...
#.....#.##..#..o...


You could see a water moccasin (unable to see you) and a ball python (unable to
see you).

Vanquished Creatures
  A scorpion (D:2)
  A ribbon worm (D:2)
  4 bats
  4 endoplasms
  2 giant cockroaches
  3 hobgoblins
  A quokka (D:1)
  2 ball pythons
  A frilled lizard (D:2)
  3 goblins
  3 kobolds
  7 rats
32 creatures vanquished.

Notes
Turn   | Place    | Note
-------+----------+-------------------------------------------
     0 | D:1      | Ceno the Vampire Enchanter began the quest for the Orb.
     0 | D:1      | Reached XP level 1. HP: 13/13 MP: 3/3
   306 | D:1      | Reached XP level 2. HP: 19/19 MP: 5/5
   309 | D:1      | Learned a level 2 spell: Ensorcelled Hibernation
  1579 | D:2      | Reached skill level 5 in Stealth
  1579 | D:2      | Gained mutation: You are afflicted with vampirism and can
                  | become a bat while bloodless. [Vampire growth]
  1579 | D:2      | Reached XP level 3. HP: 19/19 MP: 4/7
  1583 | D:2      | Learned a level 3 spell: Confusing Touch
  2109 | D:2      | Noticed a scorpion
  2114 | D:2      | Killed a scorpion
  2115 | D:2      | Reached skill level 5 in Hexes
  2115 | D:2      | Reached XP level 4. HP: 24/24 MP: 6/9
  2119 | D:2      | Learned a level 3 spell: Tukima's Dance
  2267 | D:3      | Noticed a water moccasin
  2279 | D:3      | HP: 1/24 [water moccasin (7)]
  2280 | D:3      | Mangled by a water moccasin

Illustrated notes

Levels and vault maps discovered:
D:1:      minmay_arrival_jagged, layout_loops_ring, nrook_uturn
D:2:      layout_basic, minmay_heptomino_l4
D:3:      layout_rooms, grunt_temple_overflow_open

Skill      XL: |  1  2  3 |
---------------+----------+-----
Stealth        | 5 |  5.5
Spellcasting   | 3 |  3.3
Hexes          | 5 |  5.3
Short Blades   | |  1.1
Dodging        | |  2.1

Action                     |  1- 3 |  4- 6 || total
---------------------------+-------+-------++-------
  Melee: Dagger            |    45 |     3 ||    48
         Punch             |     1 |       ||     1
         Bite              |     1 |       ||     1
  Throw: Stone             |     2 |       ||     2
   Cast: Ensorcelled Hiber |    13 |     3 ||    16
Ability: Exsanguinate      |     1 |       ||     1
    Use: Scroll            |     1 |     1 ||     2
         Potion            |       |     1 ||     1
   Stab: Sleeping          |    25 |     2 ||    27
 Armour: Robe              |    11 |     7 ||    18
  Dodge: Dodged            |     9 |     9 ||    18

Table legend: (Time is in decaauts)
 A = Elapsed time spent in this place.
 B = Non-inter-level travel time spent in this place.
 C = Inter-level travel time spent in this place.
 D = Time resting spent in this place.
 E = Time spent auto-exploring this place.
 F = Levels seen in this place.
 G = Mean time per level.
                   A        B        C        D        E       F      G
               +--------+--------+--------+--------+--------+-----+--------+
         Total |   2277 |   2167 |    110 |    218 |   1275 |   3 |  759.0 |
       Dungeon |   2277 |   2167 |    110 |    218 |   1275 |   3 |  759.0 |
               +--------+--------+--------+--------+--------+-----+--------+

Top non-repeatable levels by time:
     D:2: 1273 daAuts
     D:1: 933 daAuts
     D:3: 70 daAuts
